 Dungeon Crawl Stone Soup version bcrawl-1.13.2 (webtiles) character file.

Game seed: 11228101430711170827

9 Felnil the Caller (level 2, -2/15 HPs)
             Began as a Skeleton Summoner on Aug 10, 2019.
             Slain by a leopard gecko (3 damage)
             ... on level 1 of the Dungeon on Aug 11, 2019.
             The game lasted 00:05:46 (642 turns).

Felnil the Caller (Skeleton Summoner)                Turns: 642, Time: 00:05:46

Health: -2/15      AC:  2    Str: 12 (14) XL:     2   Next: 6%
Magic:  0/6        EV: 12    Int: 11 (13) God:
Gold:   43         SH:  0    Dex:  9      Spells: 6/7 levels left

rFire    . . .     SeeInvis .   (no weapon)
rCold    + . .     Gourm    .   (no shield)
rNeg     + + +     Faith    .   a - +0 robe
rPois    ∞         Spirit   +   (no helmet)
rElec    .         Reflect  .   (no cloak)
rCorr    .         Harm     .   (no gloves)
MR       .....                  (no boots)
Stlth    ++........             (no amulet)
HPRegen  0.05/turn              (no ring)
MPRegen  0.10/turn              (no ring)

@: no status effects
A: no food or potions, cold resistance 1, deterioration 1, negative energy
resistance 3, torment resistance, unbreathing, magic shield, sturdy frame 1,
spell healing
a: no special abilities


You were on level 1 of the Dungeon.
You were not hungry.

You visited 1 branch of the dungeon, and saw 1 of its levels.

You collected 43 gold pieces.

Inventory:

Armour
 a - a +0 robe (worn)
Scrolls
 b - 2 scrolls of remove curse {unknown}
 c - a scroll of immolation {unknown}
 d - a scroll of amnesia {unknown}
 e - a scroll of fear {unknown}


   Skills:
 + Level 2.2 Dodging
 + Level 2.7 Stealth
 + Level 3.2 Spellcasting
 + Level 4.5 Summonings


You had 6 spell levels left.
You knew the following spells:

 Your Spells              Type           Power        Failure   Level  Hunger
a - Summon Small Mammal   Summ           ##..         4%          1    N/A

Your spell library contained the following spells:

 Spells                   Type           Power        Failure   Level  Hunger
 Call Imp                 Summ           ##......     6%          2    N/A
 Call Canine Familiar     Summ           ##......     12%         3    N/A
 Summon Ice Beast         Ice/Summ       #.......     71%         4    N/A
 Summon Lightning Spire   Summ/Air       #.......     96%         5    N/A

Dungeon Overview and Level Annotations

Branches:
Dungeon (1/12)

Altars:


Innate Abilities, Weirdness & Mutations

You do not eat or drink.
You are immune to poison.
Your flesh is cold resistant. (rC+)
Your body sometimes deteriorates upon taking damage.
You are immune to negative energy. (rN+++)
You are immune to unholy pain and torment.
You can survive without breathing.
When hurt, damage is shared between your health and your magic reserves.
Your movements are slightly less encumbered by armour. (ER -2)
Casting spells heals you.


Message History

Your bat disappears in a puff of smoke!
You closely miss the leopard gecko.
The leopard gecko is moderately wounded.
The leopard gecko bites you.
Your body deteriorates!
You feel dopey. The leopard gecko bites you.
* * * LOW HITPOINT WARNING * * *
The leopard gecko closely misses you.
Casting: Summon Small Mammal (safe; 4% risk of failure)
Confirm with . or Enter, or press ? or * to list all spells.
You don't know that spell.
Casting: Summon Small Mammal (safe; 4% risk of failure)
Confirm with . or Enter, or press ? or * to list all spells.
The leopard gecko bites you.
* * * LOW HITPOINT WARNING * * *
You swap places.
The leopard gecko bites your rat.
Your rat dies!
Your rat's corpse disappears in a puff of smoke!
The leopard gecko bites you.
You die... #..### ..# #....# . .. #######..#.# .. .P ...........# PP.♣P

#.#####..#.# P....
#.# #..#.#
♣P)##.#####..#.#
♣.......##..l#.#
♣.."....#.#..@.#
P♣.P....†...###...#
..P..#.....#.#.#..#
#.## #.....##.##..#
#.#♣ ♣♣♣♣♣♣##>##..#
#..♣♣ ♣♣♣♣♣#.##..#
#... P.P.........#
#.#♣♣ P♣...♣......###
....♣♣♣♣♣♣♣♣[.......#


You could see a leopard gecko.

Vanquished Creatures (collateral kills)
  A dart slug (D:1)
  A leopard gecko (D:1)
  A ball python (D:1)
  A goblin (D:1)
  2 hobgoblins (D:1)
  4 jackals (D:1)
  A kobold (D:1)
  A bat (D:1)
12 creatures vanquished.

Notes
Turn   | Place    | Note
-------+----------+-------------------------------------------
     0 | D:1      | Felnil the Skeleton Summoner began the quest for the Orb.
     0 | D:1      | Reached XP level 1. HP: 10/10 MP: 4/4
   594 | D:1      | Reached XP level 2. HP: 15/15 MP: 1/6
   642 | D:1      | Slain by a leopard gecko

Action                   || total
-------------------------++-------
Melee: Unarmed           ||     1
 Cast: Summon Small Mamm ||    33
Armor: Robe              ||     3
Dodge: Dodged            ||    13
